 Dungeon Crawl Stone Soup version 0.16-a0-357-g0c033bd (webtiles) character file.

123 PolkaDot the Caller (level 4, -2/30 HPs)
             Began as a Vampire Summoner on Sept 10, 2014.
             Succumbed to a scorpion's poison
             ... on Level 3 of the Dungeon.
             The game lasted 00:10:15 (2866 turns).

PolkaDot the Caller (Vampire Summoner)              Turns: 2866, Time: 00:10:16

HP  -2/30        AC  4     Str  7      XL: 4   Next: 80%
MP   9/16        EV 12     Int 18      God:
Gold 144         SH  0     Dex 14      Spells:  3 memorised,  1 level left

rFire  + . .     SeeInvis +     g - +0 dagger
rCold  . . .     Clarity  .     a - +0 robe
rNeg   . . .     rCorr    .     (no shield)
rPois  .         rRot     .     (no helmet)
rElec  .         Spirit   .     e - +0 cloak
SustAb .         Warding  .     q - +0 pair of gloves
rMut   .         Stasis   .     (no boots)
Gourm  .                        (no amulet)
MR     .....                    m - ring of protection from fire
                                t - ring of magical power

@: lethally poisoned, very slightly contaminated, regenerating quickly,
invisible, not resistant to hostile enchantments, unstealthy
A: fangs 3, see invisible, unbreathing
a: no special abilities


You were on level 3 of the Dungeon.
You were very full.

You visited 1 branch of the dungeon, and saw 3 of its levels.

You collected 144 gold pieces.

Inventory:

Hand weapons
 g - a +0 dagger (weapon)
Armour
 a - a +0 robe (worn)
 e - a +0 cloak (worn)
 q - a +0 pair of gloves (worn)
Scrolls
 c - 2 scrolls of teleportation {unknown}
 f - a scroll of blinking
 h - a scroll of amnesia {unknown}
 k - a scroll of remove curse
 l - a scroll of recharging {unknown}
 n - 2 scrolls of identify {unknown}
 p - 3 scrolls of enchant armour {unknown}
 r - a scroll of immolation {unknown}
 w - a scroll of enchant weapon {unknown}
 y - a scroll of noise {unknown}
Jewellery
 j - an uncursed ring of sustain abilities
 m - a ring of protection from fire (right hand)
 t - a ring of magical power (left hand)
 v - an uncursed amulet of stasis {unknown}
Potions
 o - a potion of brilliance {unknown}
 s - a potion of mutation {unknown}
 u - a potion of poison {unknown}
 x - a potion of curing {unknown}
 z - a potion of haste {unknown}
Books
 b - a book of Callings

   Spells                             Type                      Level
   *Summon Small Mammal               Summoning                    1
   *Call Imp                          Summoning                    2
   *Call Canine Familiar              Summoning                    3
   Summon Guardian Golem              Hexes/Summoning              4
   Summon Lightning Spire             Summoning/Air                4
   Summon Ice Beast                   Ice/Summoning                4


   Skills:
 - Level 2.1 Dodging
 - Level 3.0 Stealth
 - Level 2.0 Spellcasting
 * Level 6.2 Summonings


You had one spell level left.
You knew the following spells:

 Your Spells              Type           Power        Failure   Level  Hunger
a - Summon Small Mammal   Summ           ###.         1%          1    #......
d - Call Canine Familiar  Summ           ###.....     4%          3    ####...
s - Call Imp              Summ           ###.....     1%          2    ##.....


Dungeon Overview and Level Annotations

Branches:
Dungeon (3/15)

Altars:
Kikubaaqudgha
Okawaru


Innate Abilities, Weirdness & Mutations

Your natural rate of healing is unusually fast.
You have razor-sharp teeth.
You have supernaturally acute eyesight.
You can survive without breathing.


Message History

The scorpion barely misses you.
The orc hits your white imp but does no damage.
The orc hits you but does no damage.
The orc hits your hound with a hand axe.
The orc wizard closely misses your white imp.
Your white imp barely misses the orc wizard.
Drink which item? (? for menu, Esc to quit)
You fade into invisibility!
It was a potion of invisibility.
* * * LOW HITPOINT WARNING * * *
You feel sick. The orc wizard misses your white imp.
Your crimson imp closely misses the scorpion.
The scorpion stings you.
* * * LOW HITPOINT WARNING * * *
You are more poisoned.
The scorpion poisons you! The orc closely misses you.
The orc barely misses your white imp.
Your hound barely misses the orc.
Your white imp misses the orc wizard.
You are very lightly contaminated with residual magic.
You die...

#........#.#.#..###....#
##....
###....)........).<.##.#
#.....
#........#....###....####....
#>..#.#.#.#.#................
#............o..#...#.#######
#.###.#.#h#5#5..#.###..# ##_#
#.#..>....os)...#%###..##8.(.
##...#.#.#o#.#..........##....
#..........o5@...#.....##8....
#.##.#.#.#.#.#...##.######....
#.##........%.<..##.# #8..(
#....#%#.#.#.#......# ##....
####.....#.....###### #8....
#.....####### #.... #.....#
#8... #.....# ##># #######
####


You could see a scorpion (wandering), an orc wizard, 3 orcs, a friendly hound, a
friendly crimson imp and 2 friendly white imps.

Vanquished Creatures
  2 adders
  A worm (D:2)
  3 giant geckos
  An ooze (D:1)
  4 goblins
  9 hobgoblins
  6 jackals
  2 quokkas (D:3)
  A ball python (D:2)
  6 bats
  6 giant cockroaches
  3 giant newts
  A kobold (D:2)
  6 rats
51 creatures vanquished.

Vanquished Creatures (collateral kills)
  A worker ant (D:3)
  An adder (D:3)
  A giant mite (D:2)
  A worm (D:2)
  A giant gecko (D:2)
  A ball python (D:2)
  A giant cockroach (D:2)
  3 kobolds
  A bat (D:2)
  A goblin (D:2)
  4 jackals
16 creatures vanquished.

Vanquished Creatures (others)
  A shadow imp (D:2)
  A bat (D:1)
  2 rats (D:1)
4 creatures vanquished.

Grand Total: 71 creatures vanquished

Notes
Turn   | Place    | Note
--------------------------------------------------------------
     0 | D:1      | PolkaDot, the Vampire Summoner, began the quest for the Orb.
     0 | D:1      | Reached XP level 1. HP: 13/13 MP: 3/3
   355 | D:1      | Reached XP level 2. HP: 4/19 MP: 1/4
  1259 | D:1      | Learned a level 2 spell: Call Imp
  1340 | D:2      | Reached skill level 5 in Summonings
  1340 | D:2      | Reached XP level 3. HP: 5/24 MP: 1/6
  1686 | D:2      | Found an ancient bone altar of Kikubaaqudgha.
  2025 | D:2      | Learned a level 3 spell: Call Canine Familiar
  2124 | D:3      | Reached XP level 4. HP: 16/30 MP: 3/7
  2307 | D:3      | Found an iron altar of Okawaru.
  2501 | D:3      | Reached skill level 6 in Summonings
  2865 | D:3      | HP: 1/30 [scorpion (5)]
  2866 | D:3      | Succumbed to a scorpion's poison

Action                   |  1- 3 |  4- 6 || total
-------------------------+-------+-------++-------
Melee: Unarmed           |    30 |       ||    30
       Club              |    23 |       ||    23
       Dagger            |   151 |   107 ||   258
 Cast: Summon Small Mamm |     8 |       ||     8
       Call Imp          |     9 |     4 ||    13
       Call Canine Famil |     1 |     2 ||     3
  Use: Potion            |     2 |     2 ||     4
       Scroll            |     2 |       ||     2
 Stab: Sleeping          |     5 |     2 ||     7
       Distracted        |       |     1 ||     1
  Eat: Corpse            |    15 |     5 ||    20
